 Dungeon Crawl Stone Soup version 0.18.1-48-g4cf74bf (webtiles) character file.

7312 Necrotakul the Fighter (level 11, -3/85 HPs)
             Began as an Octopode Fighter on July 10, 2016.
             Was a Believer of Dithmenos.
             Killed from afar by Erica (21 damage)
             ... with an orb of energy
             ... on level 8 of the Dungeon.
             The game lasted 00:40:49 (15837 turns).

Necrotakul the Fighter (Octopode Fighter)          Turns: 15837, Time: 00:40:51

Health: -3/85      AC:  1    Str: 23    XL:     11   Next: 13%
Magic:  11/11      EV: 11    Int: 10    God:    Dithmenos [**....]
Gold:   513        SH:  0    Dex: 16    Spells: 0 memorised, 10 levels left

rFire  + . .     SeeInvis .     a - +0 long sword
rCold  . . .     Gourm    .     b - +0 shield
rNeg   . . .     Faith    .     (helmet restricted)
rPois  +         Spirit   .     (no amulet)
rElec  .         Dismiss  .     q - +3 ring of strength
rCorr  .         Reflect  .     t - ring of poison resistance
SustAt +         Harm     .     C - ring of protection from fire
MR     .....                    H - ring of sustain attributes
Stlth  ++........               (no ring)
                                (no ring)
                                (no ring)
                                (no ring)

@: confused, mighty, slowed, wreathed by umbra, very slow, not resistant to
hostile enchantments, unstealthy
A: almost no armour, amphibious, 8 rings, constrict 8, camouflage 1, gelatinous
body 1
a: Shadow Step, Renounce Religion


You were on level 8 of the Dungeon.
You worshipped Dithmenos.
Dithmenos was pleased with you.
You were very hungry.

You visited 2 branches of the dungeon, and saw 10 of its levels.

You collected 513 gold pieces.

Inventory:

Hand Weapons
 a - a +0 long sword (weapon)
Missiles
 i - 3 silver javelins (quivered)
 E - 7 throwing nets
Armour
 b - a +0 shield (worn)
Rods
 J - a +1 rod of ignition (11/11)
   (You found it on level 7 of the Dungeon)
Jewellery
 q - a +3 ring of strength (left tentacle)
 t - a ring of poison resistance (right tentacle)
 C - a ring of protection from fire (on tentacle)
 H - a ring of sustain attributes (on tentacle)
Wands
 F - a wand of polymorph (9/24)
 L - a wand of polymorph (9/24)
Scrolls
 e - 9 scrolls of remove curse
 g - a scroll of blinking {unknown}
 n - 3 scrolls of magic mapping
 o - 3 scrolls of fog
 s - 2 scrolls of amnesia
 y - 2 scrolls of fear
 z - 3 scrolls of noise
 A - 2 scrolls of enchant armour {unknown}
 D - a scroll of random uselessness {unknown}
 K - a scroll of teleportation {unknown}
 M - a scroll of vulnerability {unknown}
 O - 4 scrolls of identify
 P - a scroll of recharging {unknown}
 Q - a scroll of enchant weapon {unknown}
Potions
 f - 2 potions of cancellation
 h - a potion of resistance {unknown}
 k - a potion of ambrosia {unknown}
 m - 2 potions of flight
 p - a potion of lignification
 r - a potion of magic {unknown}
 u - 4 potions of curing
 v - a potion of berserk rage {unknown}
 w - a potion of brilliance {unknown}
 B - 2 potions of heal wounds
 G - 2 potions of agility {unknown}
Books
 I - a book of Summonings

   Spells                             Type                      Level
   a - Recall                         Summoning/Translocation      3
   b - Aura of Abjuration             Summoning                    5
   c - Summon Demon                   Summoning                    5
   d - Summon Forest                  Summoning/Translocation      5
   e - Summon Mana Viper              Hexes/Summoning              5
   f - Shadow Creatures               Summoning                    6
Comestibles
 d - 13 bread rations
 j - 6 meat rations
 l - 2 slices of pizza
 x - 8 beef jerkies
 N - 4 fruits


   Skills:
 + Level 12.0 Fighting
 + Level 11.9 Long Blades
 - Level 3.0 Dodging
 - Level 3.0 Shields


You had 10 spell levels left.
You didn't know any spells.

Dungeon Overview and Level Annotations

Branches:
Dungeon (9/15)             Temple (1/1) D:6            Lair (0/8) D:9
    Orc: D:9-12

Altars:
Ashenzari
Cheibriados
Dithmenos
Elyvilon
Fedhas
Gozag
Kikubaaqudgha
Makhleb
Nemelex Xobeh
Okawaru
Pakellas
Qazlal
Ru
Sif Muna
Trog
Vehumet
Xom
Yredelemnul
Zin
The Shining One

Annotations:
D:8 Erica


Innate Abilities, Weirdness & Mutations

You cannot wear most types of armour.
You are amphibious.
You can wear up to eight rings at the same time.
You can use your tentacles to constrict eight enemies at once.
Your skin changes colour to match your surroundings (Stealth).
Your rubbery body absorbs attacks (AC +1).


Message History

You hear some strange, mumbled words.
You are confused.
You hear some strange, mumbled words.
Something tries to affect you, but you resist.
You hear some strange, mumbled words.
A bolt of poison appears from out of thin air!
The bolt of poison hits you! You resist.
* * * LOW HITPOINT WARNING * * *
Something hits you!
* * * LOW HITPOINT WARNING * * *
You hear some strange, mumbled words.
You feel as though you will be slow longer.
Erica appears from thin air!
Reactivating autopickup.
Erica gestures at you while chanting.
You are more confused.
Erica laughs wildly.
Erica casts a spell at you. The orb of energy hits you!
You die...

#.........## ####
#..........# ...##
#..........## ....#
#...[.......#
....####...........#
.....##............##
.....#..#...........#
.....#.##...........#
.....
.......###......@...#
..... ......##
#.....@..>.## .....
......##
##..........## .....
.......#
#........#..## .....
.......#
#......####..###
...@. .......#
##....###
###..###.....
.......# #...###
#.......... ......##
##### ######..#..
....### ###


You could see Erica.

Vanquished Creatures
  The ghost of max the Chopper, a novice MiBe of Trog (D:4)
  Grinder (D:6)
  A two-headed ogre (D:8)
  6 yaks
  3 hippogriffs
  A hungry ghost (D:3)
  3 water moccasins
  An orc warrior (D:9)
  3 sky beasts
  An ice beast (D:6)
  2 necrophages
  6 ogres
  3 phantoms
  5 centaurs
  A crocodile (D:9)
  5 giant frogs
  A gnoll sergeant (D:4)
  2 scorpions
  17 killer bees
  A centaur zombie (D:9)
  A crimson imp (D:7)
  3 centaur skeletons
  A giant frog skeleton (D:4)
  7 orc priests
  3 gnoll shamans (D:4)
  8 hounds
  4 jellies
  6 orc wizards
  2 iguanas
  4 worker ants
  A killer bee zombie (D:5)
  3 hound zombies
  A hound skeleton (D:6)
  A mummy (D:4)
  Robin (D:7)
  9 adders
  27 gnolls
  2 shadow imps
  An ooze (D:3)
  3 adder skeletons
  2 worms
  4 dart slugs
  41 orcs
  14 bats
  6 giant cockroaches
  13 goblins
  13 hobgoblins
  18 jackals (D:4)
  7 kobolds (D:3)
  3 quokkas
  3 ball pythons
  2 giant gecko skeletons
  6 giant newts
  A quokka skeleton (D:7)
  8 rats
293 creatures vanquished.

Vanquished Creatures (others)
  2 gnolls (D:4)
  2 fungi (D:9)
  A plant (D:9)
5 creatures vanquished.

Grand Total: 298 creatures vanquished

Notes
Turn   | Place    | Note
--------------------------------------------------------------
     0 | D:1      | Necrotakul the Octopode Fighter began the quest for the Orb.
     0 | D:1      | Reached XP level 1. HP: 16/16 MP: 1/1
   293 | D:1      | Reached XP level 2. HP: 21/21 MP: 2/2
   711 | D:2      | Reached XP level 3. HP: 26/26 MP: 3/3
  1656 | D:2      | Reached skill level 4 in Fighting
  1837 | D:3      | Reached XP level 4. HP: 33/33 MP: 4/4
  1924 | D:3      | Noticed a hungry ghost
  2125 | D:3      | HP: 1/33 [goblin/uncursed dagger (2)]
  3084 | D:3      | Reached XP level 5. HP: 38/38 MP: 5/5
  3141 | D:4      | Noticed Robin
  3709 | D:4      | Reached skill level 5 in Fighting
  3736 | D:4      | Reached XP level 6. HP: 8/45 MP: 6/6
  4053 | D:4      | You fall through a shaft!
  4053 | D:5      | Entered Level 5 of the Dungeon
  4216 | D:4      | Noticed max's ghost (novice MiBe)
  4532 | D:5      | Reached skill level 5 in Long Blades
  4787 | D:5      | Noticed a phantom
  4875 | D:5      | Killed a phantom
  4875 | D:5      | Reached XP level 7. HP: 33/51 MP: 7/7
  5017 | D:5      | Reached skill level 6 in Fighting
  6034 | D:4      | Reached XP level 8. HP: 44/58 MP: 8/8
  6102 | D:4      | Reached skill level 7 in Fighting
  6113 | D:4      | HP: 2/60 [gnoll/spear (6)]
  6789 | D:4      | Killed max's ghost
  6940 | D:4      | Reached skill level 8 in Fighting
  7330 | D:3      | Reached XP level 9. HP: 66/67 MP: 9/9
  7359 | D:3      | Found a radiant altar of Vehumet.
  7800 | D:6      | Found a staircase to the Ecumenical Temple.
  7809 | D:6      | Noticed Grinder
  7815 | D:6      | Killed Grinder
  7856 | D:6      | Reached skill level 9 in Fighting
  8201 | Temple   | Entered the Ecumenical Temple
  8217 | Temple   | Became a worshipper of Dithmenos the Shadowed
  9068 | D:7      | Killed Robin
  9879 | D:7      | Reached skill level 10 in Fighting
  9883 | D:7      | Found a burning altar of Makhleb.
  9884 | D:7      | Noticed a cacodemon
  9887 | D:7      | Found a glowing silver altar of Zin.
  9887 | D:7      | Noticed an angel
 10148 | D:7      | Reached skill level 10 in Long Blades
 10148 | D:7      | Reached XP level 10. HP: 48/75 MP: 10/10
 10320 | D:7      | Reached * piety under Dithmenos
 12588 | D:7      | Reached skill level 11 in Fighting
 13202 | D:8      | Noticed Erica
 13651 | D:9      | Found a staircase to the Lair.
 13697 | D:9      | Reached ** piety under Dithmenos
 14408 | D:9      | Reached XP level 11. HP: 73/84 MP: 11/11
 15107 | D:9      | Found a sacrificial altar of Ru.
 15110 | D:9      | Found a bloodstained altar of Trog.
 15112 | D:9      | Found a shimmering altar of Xom.
 15113 | D:9      | Found a basalt altar of Yredelemnul.
 15114 | D:9      | Found a snail-covered altar of Cheibriados.
 15444 | D:8      | Reached skill level 12 in Fighting
 15471 | D:8      | Found a basalt altar of Yredelemnul.
 15837 | D:8      | Killed from afar by Erica

Skill      XL: |  1  2  3  4  5  6  7  8  9 10 11 |
---------------+----------------------------------+-----
Long Blades    | 3 4 5 6 8 10 11 | 11.9
Fighting       | 4 5 6 8 10 11 12 | 12.0
Dodging        | |  3.0
Shields        | |  3.0

Action                   |  1- 3 |  4- 6 |  7- 9 | 10-12 || total
-------------------------+-------+-------+-------+-------++-------
Melee: Long sword        |    65 |   137 |   301 |   312 ||   815
       Constrict         |    15 |    36 |    62 |    45 ||   158
       Tentacles         |    11 |    30 |    83 |    71 ||   195
Throw: Javelin           |       |     1 |    13 |    17 ||    31
  Use: Scroll            |       |     6 |     6 |     1 ||    13
       Potion            |       |     1 |     3 |     7 ||    11
 Stab: Sleeping          |    11 |     9 |    14 |     7 ||    41
  Eat: Chunk             |     3 |     8 |    17 |    13 ||    41
       Fruit             |       |       |     2 |     3 ||     5
       Pizza             |       |       |       |     1 ||     1
Armor: Skin              |    10 |     6 |    14 |     7 ||    37
Dodge: Dodged            |    24 |    57 |    95 |    97 ||   273
Block: Shield            |    34 |    78 |   124 |   123 ||   359
